 Dungeon Crawl Stone Soup version 0.21.1-1-g345015f (webtiles) character file.

164 Zachthehappycat the Covert (level 5, 0/36 HPs)
             Began as a Spriggan Enchanter on May 8, 2018.
             Slain by Phong's ghost (4 damage)
             ... on level 3 of the Dungeon.
             The game lasted 00:11:58 (3723 turns).

Zachthehappycat the Covert (Spriggan Enchanter)     Turns: 3723, Time: 00:11:58

Health: 0/36       AC: 22    Str:  2 (4)  XL:     5   Next: 21%
Magic:  1/10       EV:  4    Int: 16 (18) God:
Gold:   77         SH:  0    Dex: 14 (16) Spells: 5/9 levels left

rFire    + . .     SeeInvis +   l - +2 dagger (venom)
rCold    . . .     Gourm    .   (shield restricted)
rNeg     + + +     Faith    .   (armour currently unavailable)
rPois    +         Spirit   .   (helmet currently unavailable)
rElec    .         Reflect  .   (cloak currently unavailable)
rCorr    .         Harm     .   (gloves unavailable)
MR       .....     NoTele   +   (boots unavailable)
Stlth    +++++.....             (no amulet)
HPRegen  0.12/turn              g - ring of stealth
MPRegen  0.12/turn              i - ring of protection from fire

@: tree-form, very slightly contaminated
A: very small, unfitting armour, see invisible, herbivore, slow metabolism 2
a: no special abilities


You were on level 3 of the Dungeon.
You were not hungry.
You were a tree.
You visited 1 branch of the dungeon, and saw 3 of its levels.

You collected 77 gold pieces.

Inventory:

Hand Weapons
 l - a +2 dagger of venom (weapon)
Missiles
 j - 2 tomahawks
 k - 86 stones (quivered)
Armour
 b - a +0 robe (melded)
Jewellery
 g - a ring of stealth (left branch)
 h - a cursed amulet of inaccuracy {unknown}
 i - a ring of protection from fire (right branch)
 n - a +3 ring of protection {unknown}
Scrolls
 a - 2 scrolls of remove curse
 e - 5 scrolls of identify {unknown}
 f - a scroll of noise {unknown}
 m - a scroll of amnesia {unknown}
 t - 3 scrolls of teleportation {unknown}
 u - a scroll of blinking {unknown}
Potions
 s - a potion of brilliance {unknown}
Books
 c - a book of Maledictions

   Spells                             Type                      Level
   a - Corona                         Hexes                        1
   b - Ensorcelled Hibernation        Hexes/Ice                    2
   c - Confuse                        Hexes                        3
   d - Tukima's Dance                 Hexes                        3
   e - Dazzling Spray                 Conjuration/Hexes            3
Comestibles
 d - 4 rations


   Skills:
 - Level 1.1 Short Blades
 - Level 3.0 Dodging
 + Level 9.2 Stealth
 - Level 2.7 Spellcasting
 - Level 3.6 Hexes


You had 5 spell levels left.
You knew the following spells:

 Your Spells              Type           Power        Failure   Level  Hunger
a - Corona                Hex            ##.....      4%          1    #......
b - Confuse               Hex            ##......     13%         3    ###....


Dungeon Overview and Level Annotations

Branches:
Dungeon (3/15)

Altars:
Elyvilon

Annotations:
D:3 Phong's ghost, amateur OpWn


Innate Abilities, Weirdness & Mutations

You are very small and have problems with some larger weapons.
You are too small for most types of armour.
You have supernaturally acute eyesight. (SInv)
You are a herbivore.
((You cover ground extremely quickly.))
You need consume almost no food.


Message History

You hit Phong's ghost.
Phong's ghost is moderately damaged.
Phong's ghost hits you.
You barely miss Phong's ghost.
Phong's ghost is moderately damaged.
Phong's ghost stops glowing.
Phong's ghost casts a spell at you. Pain shoots through your body!
You barely miss Phong's ghost.
Phong's ghost is moderately damaged.
Phong's ghost hits you.
* * * LOW HITPOINT WARNING * * *
It was a potion of lignification.
You turn into a tree.
Your +0 robe melds into your body.
Your roots penetrate the ground.
Phong's ghost hits you but does no damage.
It was a potion of degeneration.
There was something very wrong with that liquid.
You feel weakened.
You feel dopey.
You feel clumsy. Phong's ghost hits you.
You die...

##....# #.# #.# #.### #. #.....#
#.# #.# #...# #. ...##.######.#
#.# ###.###. ...##........# #.#
#..##. ...##.######## *.# ###.##.
...##.############.########......
...##.......................#####
.....##########.....####.#### #
####..# ##..♣W...###..# ##.#
#.........###.#
#.#######...###...###.#
#.......>...#≈≈...≈≈#.#
########..).#≈).♣..≈#.#
#.....†........# ###....♣._.♣...#
#............## #...#≈..♣..≈##


You could see Phong's ghost.

Vanquished Creatures
  4 gnolls (D:3)
  6 adders
  3 dart slugs
  2 leopard geckos
  4 orcs (D:3)
  4 ball pythons
  8 bats
  6 giant cockroaches
  4 goblins (D:1)
  5 hobgoblins
  8 kobolds
  6 frilled lizards
  5 rats
65 creatures vanquished.

Vanquished Creatures (others)
  A quokka (D:3)
  A kobold (D:3)
2 creatures vanquished.

Grand Total: 67 creatures vanquished

Notes
Turn   | Place    | Note
-------+----------+-------------------------------------------
     0 | D:1      | Zachthehappycat the Spriggan Enchanter began the quest for the Orb.
     0 | D:1      | Reached XP level 1. HP: 9/9 MP: 5/5
   147 | D:1      | Reached skill level 5 in Stealth
   212 | D:1      | Reached XP level 2. HP: 1/13 MP: 3/6
   701 | D:1      | Reached skill level 6 in Stealth
   937 | D:1      | Reached XP level 3. HP: 16/16 MP: 8/8
  1325 | D:2      | Learned a level 3 spell: Confuse
  1345 | D:2      | Reached skill level 7 in Stealth
  1942 | D:2      | Reached XP level 4. HP: 11/21 MP: 7/9
  2429 | D:2      | Reached skill level 8 in Stealth
  2920 | D:3      | Reached XP level 5. HP: 21/24 MP: 10/10
  3017 | D:3      | Found a white marble altar of Elyvilon.
  3131 | D:3      | Reached skill level 9 in Stealth
  3386 | D:3      | Noticed Phong's ghost (amateur OpWn)
  3723 | D:3      | Slain by Phong's ghost

Skill      XL: |  1  2  3  4  5 |
---------------+----------------+-----
Stealth        | 5 6 7 8 9 |  9.2
Short Blades   | |  1.1
Dodging        | |  3.0
Spellcasting   | |  2.7
Hexes          | |  3.6

Action                   |  1- 3 |  4- 6 || total
-------------------------+-------+-------++-------
Melee: Dagger            |   116 |    43 ||   159
       Hand axe          |    19 |    40 ||    59
Throw: Stone             |     5 |       ||     5
 Cast: Corona            |    24 |    10 ||    34
       Confuse           |       |     9 ||     9
  Use: Scroll            |       |     3 ||     3
       Potion            |       |     4 ||     4
 Stab: Sleeping          |     9 |     9 ||    18
       Confused          |       |     3 ||     3
  Eat: Ration            |       |     1 ||     1
Armor: Robe              |    12 |     8 ||    20
       Skin              |       |     1 ||     1
Dodge: Dodged            |   105 |   108 ||   213
